[Event "ICCopen2016"]
[Site "Internet Chess Club"]
[Date "2016.06.04"]
[Round "7"]
[White "Mandragora"]
[Black "TitanRivas"]
[Result "0-1"]
[ICCResult "White resigns"]
[WhiteElo "1570"]
[BlackElo "1838"]
[Opening "Scotch game"]
[ECO "C45"]
[NIC "SO.05"]
[Time "15:08:57"]
[TimeControl "180+0"]

1. e4 e5 2. Nf3 Nc6 3. d4 exd4 4. Nxd4 Bc5 5. Nxc6 Qf6 6. f4 dxc6 7. Nc3 Bd7
8. e5 Qg6 9. Qf3 O-O-O 10. Bd3 Bf5 11. Ne4 Bb4+ 12. Kf1 Ne7 13. a3 Ba5 14.
Be3 Nd5 15. Rd1 Nxe3+ 16. Qxe3 Bb6 17. Qe2 Rhe8 18. h3 h5 19. g3 f6 20. Kg2
fxe5 21. fxe5 Rxe5 22. Rhe1 Rde8 23. Nd6+ cxd6 24. Bxf5+ Qxf5 25. Qxe5
{White resigns}
0-1

[Event "ICCopen2016"]
[Site "Internet Chess Club"]
[Date "2016.06.04"]
[Round "7"]
[White "Visam"]
[Black "BitsofKoin"]
[Result "1-0"]
[ICCResult "Black resigns"]
[WhiteElo "2776"]
[BlackElo "2342"]
[Opening "Réti: King's Indian attack"]
[ECO "A08"]
[NIC "QP.09"]
[Time "15:09:44"]
[TimeControl "180+0"]

1. Nf3 d5 2. g3 c5 3. Bg2 Nc6 4. d4 Nf6 5. O-O Bg4 6. Ne5 Bh5 7. c4 e6 8.
cxd5 exd5 9. Nxc6 bxc6 10. dxc5 Bxc5 11. Qc2 Qb6 12. Nc3 Be7 13. e4 Bg6 14.
Qa4 d4 15. e5 Nd7 16. Bxc6 O-O 17. Bxa8 Rxa8 18. Qxd7 dxc3 19. Qxe7 cxb2 20.
Bxb2 Qxb2 21. Rad1 h5 22. Rd8+ Rxd8 23. Qxd8+ Kh7 24. Qd5 Qe2 25. h4 Be4 26.
Qxf7 a5 27. e6 Bg6 28. Qd7 Bf5 29. Qd1 Qxe6 30. Qxh5+ Kg8 31. Rd1 Bg6 32.
Qd5 {Black resigns} 1-0

[Event "ICCopen2016"]
[Site "Internet Chess Club"]
[Date "2016.06.04"]
[Round "7"]
[White "marjose"]
[Black "RussianCowboy"]
[Result "0-1"]
[ICCResult "White resigns"]
[WhiteElo "1765"]
[BlackElo "2050"]
[Opening "King's pawn opening"]
[ECO "B07"]
[NIC "VO.17"]
[Time "15:09:44"]
[TimeControl "180+0"]

1. e4 d6 2. Bc4 Nf6 3. d3 e5 4. Nf3 Be7 5. Nbd2 O-O 6. Nf1 c6 7. Bb3 b5 8.
a4 bxa4 9. Bxa4 Qc7 10. Ng3 Na6 11. c3 Nc5 12. Bc2 Rb8 13. O-O a5 14. Qe2 g6
15. d4 Ne6 16. b3 Re8 17. Bb2 Nf4 18. Qd2 Bg4 19. dxe5 dxe5 20. Bd1 Rbd8 21.
Qe3 Rd3 22. Qe1 Bxf3 23. Bxf3 Rxf3 24. gxf3 Qc8 25. Nf5 gxf5 26. Qe3 fxe4
27. fxe4 Qg4+ {White resigns} 0-1

[Event "ICCopen2016"]
[Site "Internet Chess Club"]
[Date "2016.06.04"]
[Round "7"]
[White "rajiva"]
[Black "Piranha"]
[Result "0-1"]
[ICCResult "White resigns"]
[WhiteElo "1377"]
[BlackElo "1745"]
[Opening "Sicilian defense"]
[ECO "B20"]
[NIC "SI.48"]
[Time "15:10:15"]
[TimeControl "180+0"]

1. e4 c5 2. a3 e6 3. c3 Nc6 4. b4 a6 5. Bc4 d5 6. exd5 exd5 7. Bb3 d4 8. d3
Nf6 9. Ne2 Bg4 10. f3 Bh5 11. O-O Be7 12. Nf4 Bg6 13. Nxg6 hxg6 14. h3 Qd6
15. Nd2 Qg3 16. Ne4 Nxe4 17. fxe4 O-O-O 18. Rxf7 Bd6 19. Qf3 Qh2+ 20. Kf2
Ne5 21. Qf4 Nxd3+ {White resigns} 0-1

[Event "ICCopen2016"]
[Site "Internet Chess Club"]
[Date "2016.06.04"]
[Round "7"]
[White "takes-takes"]
[Black "Chanikya"]
[Result "0-1"]
[ICCResult "White checkmated"]
[WhiteElo "837"]
[BlackElo "2674"]
[Opening "KP: Nimzovich defense"]
[ECO "B00"]
[NIC "VO.04"]
[Time "15:09:11"]
[TimeControl "180+0"]

1. e4 Nc6 2. Nc3 e6 3. d4 Bb4 4. Be2 d6 5. Nf3 e5 6. d5 Bxc3+ 7. bxc3 Nce7
8. O-O h6 9. Nd2 f5 10. exf5 Nf6 11. Bd3 O-O 12. f4 exf4 13. Nf3 Nxf5 14. c4
Ng4 15. Bxf4 Nge3 16. Bxe3 Nxe3 17. Qe2 Nxf1 18. Rxf1 Bg4 19. Qe4 Bf5 20.
Qd4 Bxd3 21. cxd3 Qf6 22. Qxf6 Rxf6 23. Re1 Kf7 24. Kf2 Re8 25. Rd1 g5 26.
Kg3 Kg6 27. Nd4 Re3+ 28. Nf3 h5 29. h3 b6 30. Kf2 Re8 31. Kg3 a5 32. d4 Re2
33. a4 h4+ 34. Kh2 Rxf3 35. c5 dxc5 36. dxc5 bxc5 37. d6 cxd6 38. Rxd6+ Rf6
39. Rd5 Rff2 40. Rd6+ Kh5 41. Rd8 Rxg2+ 42. Kh1 Rgf2 43. Rh8+ Kg6 44. Rg8+
Kf5 45. Rf8+ Ke4 46. Re8+ Kf3 47. Rd8 Re1# {White checkmated} 0-1

[Event "ICCopen2016"]
[Site "Internet Chess Club"]
[Date "2016.06.04"]
[Round "7"]
[White "chaozz"]
[Black "kingmate"]
[Result "1-0"]
[ICCResult "Black resigns"]
[WhiteElo "3042"]
[BlackElo "2453"]
[Opening "French: advance, Paulsen attack"]
[ECO "C02"]
[NIC "FR.03"]
[Time "15:08:55"]
[TimeControl "180+0"]

1. e4 e6 2. d4 d5 3. e5 c5 4. c3 Nc6 5. Nf3 Qb6 6. Be2 cxd4 7. cxd4 Nh6 8.
Nc3 Nf5 9. Na4 Qa5+ 10. Kf1 Bd7 11. Bd2 Qd8 12. Bc3 Be7 13. a3 b6 14. Rc1 h5
15. Bd3 g6 16. b4 a5 17. b5 Na7 18. Qb3 Rc8 19. Ke2 Kf8 20. Bd2 Kg7 21. g3
Rb8 22. h3 Qe8 23. Rb1 Qf8 24. Bc1 Qd8 25. Kf1 Qc7 26. Bd2 Rbc8 27. Kg2 Qb7
28. Qb2 Rc4 29. Nc3 Nxd4 30. Nh2 Rc7 31. Rbc1 Rhc8 32. a4 Bb4 33. Na2 Bxd2
34. Qxd2 Rxc1 35. Nxc1 Qc7 36. Qf4 Nf5 37. g4 hxg4 38. hxg4 Nh4+ 39. Kg3 Rh8
40. Qf6+ Kg8 41. Nf3 Nf5+ 42. gxf5 Rxh1 43. fxg6 Be8 44. Ne2 fxg6 45. Nf4
Qf7 46. Qd8 Kg7 47. Bxg6 Qd7 48. Qf6+ Kg8 49. Nxe6 Bxg6 50. Qf8+ {Black
resigns} 1-0

[Event "ICCopen2016"]
[Site "Internet Chess Club"]
[Date "2016.06.04"]
[Round "7"]
[White "Taechess"]
[Black "Smokie"]
[Result "0-1"]
[ICCResult "White checkmated"]
[WhiteElo "1261"]
[BlackElo "1404"]
[Opening "Sicilian: closed"]
[ECO "B23"]
[NIC "SI.44"]
[Time "15:10:37"]
[TimeControl "180+0"]

1. e4 c5 2. Nc3 g6 3. f4 Bg7 4. Nf3 Nc6 5. Be2 d6 6. d3 Nf6 7. d4 cxd4 8.
Nxd4 Nxd4 9. Qxd4 O-O 10. Qf2 Bg4 11. O-O Bxe2 12. Qxe2 Rc8 13. Bd2 Qb6+ 14.
Kh1 Qxb2 15. Nd5 Nxd5 16. exd5 Rxc2 17. Rab1 Qxa2 18. Ra1 Bxa1 19. Rd1 Bc3
20. h3 Rxd2 21. Rxd2 Qxd2 22. Qxe7 Qxf4 23. Qxb7 Qf1+ 24. Kh2 Be5+ 25. g3
Qf2+ 26. Kh1 Bxg3 27. Qxf7+ Rxf7 28. h4 Qh2# {White checkmated} 0-1

[Event "ICCopen2016"]
[Site "Internet Chess Club"]
[Date "2016.06.04"]
[Round "7"]
[White "NAS"]
[Black "hedgie"]
[Result "0-1"]
[ICCResult "White resigns"]
[WhiteElo "1663"]
[BlackElo "2048"]
[Opening "Sicilian: Nimzovich-Rossolimo attack (without ...d6)"]
[ECO "B30"]
[NIC "SI.31"]
[Time "15:09:30"]
[TimeControl "180+0"]

1. e4 c5 2. Nf3 Nc6 3. Bb5 Nd4 4. Nxd4 cxd4 5. O-O a6 6. Ba4 b5 7. Bb3 e6 8.
d3 Bb7 9. c3 dxc3 10. Nxc3 d6 11. Be3 Nf6 12. f4 Be7 13. f5 e5 14. Bg5 Ng8
15. Bxe7 Nxe7 16. Qg4 Rg8 17. Qh5 d5 18. f6 Qb6+ 19. Kh1 gxf6 20. exd5 O-O-O
21. Rac1 Kb8 22. Ne4 Nxd5 23. Bxd5 Bxd5 24. Rxf6 Qxf6 {White resigns} 0-1

[Event "ICCopen2016"]
[Site "Internet Chess Club"]
[Date "2016.06.04"]
[Round "7"]
[White "afgano45"]
[Black "mdrasko"]
[Result "0-1"]
[ICCResult "White resigns"]
[WhiteElo "1998"]
[BlackElo "2459"]
[Opening "French: Tarrasch, Guimard main line"]
[ECO "C04"]
[NIC "FR.15"]
[Time "15:09:22"]
[TimeControl "180+0"]

1. e4 e6 2. d4 d5 3. Nd2 Nc6 4. Ngf3 Nf6 5. e5 Nd7 6. Bb5 a6 7. Ba4 b5 8.
Bb3 Na5 9. c3 Nxb3 10. Nxb3 c5 11. dxc5 Qc7 12. Qe2 Nxc5 13. Nxc5 Bxc5 14.
Be3 Be7 15. O-O O-O 16. Bg5 b4 17. Bxe7 Qxe7 18. Rfc1 a5 19. Nd4 Ba6 20. Qe3
Rfc8 21. a3 h6 22. f4 Bb7 23. axb4 axb4 24. Rxa8 Rxa8 25. cxb4 Qxb4 26. Qc3
Ra4 27. Ne2 d4 28. Qc7 Qxb2 29. Rc2 Qb4 30. Kf2 d3 31. Qd8+ Kh7 32. Rc7 dxe2
{White resigns}
0-1

[Event "ICCopen2016"]
[Site "Internet Chess Club"]
[Date "2016.06.04"]
[Round "7"]
[White "Bom182"]
[Black "manneredmonkey"]
[Result "1-0"]
[ICCResult "Black checkmated"]
[WhiteElo "1956"]
[BlackElo "1663"]
[Opening "Benkö gambit accepted"]
[ECO "A58"]
[NIC "BI.41"]
[Time "15:09:08"]
[TimeControl "180+0"]

1. d4 Nf6 2. c4 c5 3. d5 b5 4. cxb5 a6 5. bxa6 g6 6. Nc3 Bxa6 7. e4 Bxf1 8.
Kxf1 d6 9. Nf3 Nbd7 10. g3 Bg7 11. Kg2 O-O 12. a4 Qb6 13. Qe2 Rfb8 14. Nb5
Ne8 15. Bg5 Kf8 16. Nd2 Nc7 17. Nc4 Qa6 18. Nxc7 Qc8 19. Nxa8 Rxa8 20. Ra2
Qa6 21. b3 Bd4 22. Be3 Bg7 23. Rb1 Rb8 24. Qc2 Qa8 25. Bd2 f5 26. f3 fxe4
27. fxe4 Nf6 28. Bc3 Kg8 29. Rf1 Rf8 30. Bxf6 Bxf6 31. Qd3 Qa6 32. Raf2 Kg7
33. Nb2 Qa8 34. Nd1 Qb7 35. Ne3 h5 36. g4 Qd7 37. g5 Bxg5 38. Rxf8 Bxe3 39.
Qxe3 Qg4+ 40. Qg3 Qe2+ 41. R1f2 Qxe4+ 42. Qf3 Qh4 43. Qf7+ Kh6 44. Rh8+ Kg5
45. Qxe7+ Kg4 46. Qxh4+ Kxh4 47. Rd8 Kg5 48. Rxd6 Kh6 49. Rff6 h4 50. Rxg6+
Kh5 51. Rg8 h3+ 52. Kxh3 c4 53. Rd7 Kh6 54. Rd6+ Kh7 55. Rg4 cxb3 56. Rb6 b2
57. Rxb2 Kh6 58. Rb6+ Kh5 59. Rb7 Kh6 60. Rb8 Kh7 61. Rb6 Kh8 62. Rh6#
{Black checkmated}
1-0

[Event "ICCopen2016"]
[Site "Internet Chess Club"]
[Date "2016.06.04"]
[Round "7"]
[White "Johndenver"]
[Black "eltigrecu"]
[Result "0-1"]
[ICCResult "White checkmated"]
[WhiteElo "1783"]
[BlackElo "2092"]
[Opening "QGD Slav defense"]
[ECO "D10"]
[NIC "SL.01"]
[Time "15:08:44"]
[TimeControl "180+0"]

1. d4 d5 2. c4 c6 3. Nc3 Nf6 4. cxd5 cxd5 5. Bf4 Nc6 6. e3 Bg4 7. Nf3 e6 8.
Bd3 Bd6 9. Bg5 a6 10. Rc1 O-O 11. O-O h6 12. Bh4 Be7 13. h3 Bh5 14. Bg3 Rc8
15. Be2 b5 16. Ne5 Bxe2 17. Qxe2 Nxe5 18. Bxe5 b4 19. Na4 Ne4 20. f3 Nd6 21.
Bxd6 Bxd6 22. b3 Qh4 23. Qf2 Bg3 24. Qe2 Bd6 25. Qf2 Qg5 26. f4 Qg6 27. Qe2
a5 28. Nc5 Kh8 29. Qc2 Qg3 30. Qf2 Qg6 31. Rc2 Rc6 32. Rfc1 Rfc8 33. Qe2 Qf5
34. Kf2 g5 35. g4 Qg6 36. Qf3 gxf4 37. exf4 Qf6 38. Ke3 Bxc5 39. dxc5 d4+
40. Kd3 Qg6+ 41. Qe4 f5 42. Qxe6 Qxe6 43. gxf5 Qe3+ 44. Kc4 Rxc5#
{White checkmated}
0-1

[Event "ICCopen2016"]
[Site "Internet Chess Club"]
[Date "2016.06.04"]
[Round "7"]
[White "Dlugy"]
[Black "KAPAMA3OB"]
[Result "0-1"]
[ICCResult "White resigns"]
[WhiteElo "2880"]
[BlackElo "2757"]
[Opening "Queen's pawn"]
[ECO "A40"]
[NIC "QO.17"]
[Time "15:10:21"]
[TimeControl "180+0"]

1. d4 e6 2. Bf4 d5 3. e3 Bd6 4. Bg3 Nf6 5. Nd2 Nbd7 6. Ngf3 b6 7. Bd3 Bb7 8.
Ne5 Bxe5 9. dxe5 Ne4 10. Bxe4 dxe4 11. Qg4 Qe7 12. O-O-O O-O-O 13. Nxe4 h5
14. Qf4 h4 15. Nd6+ cxd6 16. exd6 Qf6 17. Qc4+ Kb8 18. Qc7+ Ka8 19. Bf4 e5
20. Rhe1 Qe6 21. Bg5 f6 22. Bxh4 Rc8 23. Bg3 Rxc7 24. dxc7 Rc8 25. f4 Rxc7
26. fxe5 fxe5 27. Rf1 Nf6 28. Rd2 Qxa2 29. Kd1 Ba6 {White resigns} 0-1

[Event "ICCopen2016"]
[Site "Internet Chess Club"]
[Date "2016.06.04"]
[Round "7"]
[White "ol4ik"]
[Black "supermouse"]
[Result "0-1"]
[ICCResult "White forfeits on time"]
[WhiteElo "2229"]
[BlackElo "2682"]
[Opening "Robatsch defense: two knights, Suttles variation"]
[ECO "B07"]
[NIC "VO.17"]
[Time "15:09:16"]
[TimeControl "180+0"]

1. e4 d6 2. d4 c6 3. Nc3 g6 4. Nf3 Bg7 5. Be3 b5 6. Bd3 b4 7. Ne2 a5 8. c3
Ba6 9. O-O Nf6 10. Ng3 O-O 11. Re1 Qc7 12. c4 Nbd7 13. Rc1 c5 14. d5 a4 15.
Bf4 Ng4 16. h4 Bxb2 17. h5 Nge5 18. hxg6 fxg6 19. Bxe5 Nxe5 20. Nxe5 Bxe5
21. Qg4 Bc8 22. Qh4 b3 23. axb3 a3 24. Ra1 a2 25. Ne2 e6 26. f4 Bxa1 27.
Rxa1 Qg7 28. Qe1 exd5 29. exd5 Bg4 30. Nc3 Qd4+ 31. Kh2 Qxd3 32. Nb5 Qf5 33.
g3 Qh5+ 34. Kg1 Bf3 35. Qe6+ Kh8 36. Nxd6 Qh1+ 37. Kf2 Qxa1 38. Nf7+ Rxf7
39. Qxf7 Qg7 {White forfeits on time} 0-1

[Event "ICCopen2016"]
[Site "Internet Chess Club"]
[Date "2016.06.04"]
[Round "7"]
[White "nevidimka"]
[Black "xavielhumilde"]
[Result "1-0"]
[ICCResult "Black resigns"]
[WhiteElo "2015"]
[BlackElo "1689"]
[Opening "Trompowsky attack (Ruth, Opocenský opening)"]
[ECO "A45"]
[NIC "QP.07"]
[Time "15:09:36"]
[TimeControl "180+0"]

1. d4 Nf6 2. Bg5 c5 3. d5 Qb6 4. Nc3 Qxb2 5. Bd2 Qb4 6. Rb1 Qg4 7. f3 Qh4+
8. g3 Qh5 9. e4 e5 10. Be2 Qg6 11. Nb5 Na6 12. d6 Ng8 13. Be3 f5 14. exf5
Qxf5 15. Bd3 Qf7 16. Qe2 Qxa2 17. Rd1 Qe6 18. Bc4 Qf5 19. g4 Qf6 20. Nh3
Qh4+ 21. Nf2 Qf6 22. Ne4 Qh4+ 23. Bf2 Qh6 24. h4 g5 25. Be3 Qg6 26. h5 Qg7
27. Bxg5 h6 28. Bh4 b6 29. Bd5 Rb8 30. Ng3 Ne7 31. dxe7 Bxe7 32. Bxe7 Qxe7
33. Nf5 Qf6 34. O-O Nb4 35. Be4 d5 36. c3 O-O 37. cxb4 dxe4 38. Rd6
{Black resigns}
1-0

[Event "ICCopen2016"]
[Site "Internet Chess Club"]
[Date "2016.06.04"]
[Round "7"]
[White "Palenque"]
[Black "livis"]
[Result "0-1"]
[ICCResult "White resigns"]
[WhiteElo "1648"]
[BlackElo "1929"]
[Opening "French: King's Indian attack"]
[ECO "C00"]
[NIC "FR.02"]
[Time "15:09:08"]
[TimeControl "180+0"]

1. e4 e6 2. d3 d5 3. Nd2 d4 4. Ngf3 c5 5. g3 Nc6 6. Bg2 e5 7. O-O Be6 8. h3
f6 9. a4 Bd6 10. Nc4 Bc7 11. Nfd2 Nge7 12. f4 Qd7 13. f5 Bf7 14. g4 O-O-O
15. Na3 Kb8 16. Ndc4 h5 17. Rf3 hxg4 18. hxg4 Rh4 19. Rg3 Rdh8 20. g5 Bxc4
21. Nxc4 Na5 22. Nxa5 Bxa5 23. Bd2 Bxd2 24. Qxd2 Rh2 25. c3 Nc6 26. a5 a6
27. gxf6 gxf6 28. Rf1 Qh7 29. Rff3 Rh1+ 30. Kf2 Rh2 31. Qc2 Qh4 32. Qb3 Nxa5
33. Qf7 Nc6 34. Qe6 Ka8 35. Qd6 dxc3 36. bxc3 Rxg2+ 37. Kxg2 Qh1+ 38. Kf2
Rh2+ {White resigns} 0-1

[Event "ICCopen2016"]
[Site "Internet Chess Club"]
[Date "2016.06.04"]
[Round "7"]
[White "RJoseph12"]
[Black "Govindan"]
[Result "1-0"]
[ICCResult "Black forfeits on time"]
[WhiteElo "1349"]
[BlackElo "1419"]
[Opening "Robatsch defense: two knights variation"]
[ECO "B07"]
[NIC "VO.17"]
[Time "15:08:41"]
[TimeControl "180+0"]

1. e4 d6 2. d4 g6 3. Nf3 Bg7 4. Nc3 Nc6 5. Be3 Nf6 6. Bd3 O-O 7. O-O a6 8.
h3 b5 9. a3 Bb7 10. d5 Nb8 11. Bd4 c6 12. dxc6 Nxc6 13. Ne2 Nxd4 14. Nexd4
Rc8 15. Re1 Nh5 16. Qd2 Qc7 17. Rac1 Rfd8 18. c3 Qd7 19. Ne2 Qe6 20. Nf4
Nxf4 21. Qxf4 Rc5 22. Ng5 Qf6 23. Qxf6 Bxf6 24. Nf3 e6 25. Bc2 d5 26. exd5
Bxd5 27. Ne5 Bxg2 28. Kxg2 Bxe5 29. b4 Rxc3 30. Re2 Bg7 31. Rce1 Rdc8 32.
Be4 f5 33. Bb7 R8c7 34. Bxa6 Ra7 35. Bxb5 Raxa3 36. Bd7 Rab3 37. Bxe6+ Kf8
38. Bxb3 Rxb3 39. Re8+ Kf7 40. R1e7+ Kf6 41. Re6+ Kg5 42. h4+ Kxh4 43. Rb6
Bd4 44. Rb7 Rb2 45. Rxh7+ Kg5 46. Rb8 Rxf2+ 47. Kg3 f4+ 48. Kh3 f3 49. Kg3
Rf1 50. Rb5+ {Black forfeits on time} 1-0

[Event "ICCopen2016"]
[Site "Internet Chess Club"]
[Date "2016.06.04"]
[Round "7"]
[White "gsvc"]
[Black "SurferRosa"]
[Result "1-0"]
[ICCResult "Black forfeits on time"]
[WhiteElo "2847"]
[BlackElo "2483"]
[Opening "French: Tarrasch"]
[ECO "C03"]
[NIC "FR.14"]
[Time "15:09:05"]
[TimeControl "180+0"]

1. e4 e6 2. d4 d5 3. Nd2 Be7 4. Ngf3 Nf6 5. e5 Nfd7 6. Bd3 c5 7. c3 b6 8.
O-O Ba6 9. Bxa6 Nxa6 10. Ne1 b5 11. Qg4 g6 12. Ndf3 Qb6 13. Bh6 b4 14. Nd3
c4 15. Nf4 Nc7 16. Ng5 Nb5 17. Rfc1 a5 18. a4 bxa3 19. bxa3 Nxa3 20. Bg7 Rg8
21. Bf6 Nb5 22. Bxe7 Kxe7 23. Qh4 Ke8 24. Qxh7 Rf8 25. Rcb1 Qc6 26. Rxb5
Qxb5 27. Ngxe6 fxe6 28. Qxg6+ Kd8 29. Nxe6+ Kc8 30. Nxf8 Nxf8 31. Qf7 Nd7
32. e6 Kc7 33. h4 a4 34. h5 a3 35. Qxd7+ Qxd7 36. exd7 Kxd7 37. h6 Kc6 38.
h7 Rh8 39. Rxa3 Rxh7 40. g3 Rb7 41. Ra6+ Kb5 42. Ra1 Kc6 43. Kg2 Rb3 44. Rc1
Kb5 45. g4 Ka4 46. g5 Ka3 47. Rc2 Rb6 48. f4 Kb3 49. Rf2 Kxc3 50. f5 Kxd4
51. f6 c3 52. f7 Rb8 53. g6 Kd3 54. g7 c2 55. Rxc2 Kxc2 56. f8=Q Rxf8 57.
gxf8=Q d4 58. Qc5+ Kd3 59. Kf3 {Black forfeits on time} 1-0

[Event "ICCopen2016"]
[Site "Internet Chess Club"]
[Date "2016.06.04"]
[Round "7"]
[White "Sebs"]
[Black "Sam08"]
[Result "1-0"]
[ICCResult "Black resigns"]
[WhiteElo "2972"]
[BlackElo "2397"]
[Opening "Dutch: Staunton gambit, Staunton's line"]
[ECO "A83"]
[NIC "HD.11"]
[Time "15:09:41"]
[TimeControl "180+0"]

1. d4 f5 2. e4 fxe4 3. Nc3 Nf6 4. Bg5 Nc6 5. d5 Ne5 6. Qe2 Nf7 7. Bxf6 exf6
8. Nxe4 Qe7 9. O-O-O f5 10. Nc3 Qxe2 11. Bxe2 d6 12. Nb5 Kd8 13. f4 g6 14.
Nf3 Bh6 15. g3 Re8 16. Nbd4 Bg7 17. Bb5 Re7 18. Rhe1 a6 19. Rxe7 Kxe7 20.
Re1+ Kf6 21. Bd3 Bd7 22. Ne6 Re8 23. Nxc7 Rxe1+ 24. Nxe1 Ke7 25. c3 h6 26.
Nf3 g5 27. Kd2 gxf4 28. gxf4 h5 29. Ke3 Nh6 30. h3 Bf6 31. Nd4 Bh4 32. Be2
Ng8 33. Bxh5 Nf6 34. Bf3 Bg3 35. Nce6 Bxe6 36. dxe6 Bh2 37. Bxb7 Nh5 38. Bc8
Bxf4+ 39. Kf3 Be5 40. Nxf5+ Ke8 41. Bd7+ Kd8 42. Ba4 Bf6 43. Nxd6
{Black resigns}
1-0

[Event "ICCopen2016"]
[Site "Internet Chess Club"]
[Date "2016.06.04"]
[Round "7"]
[White "YoureFired"]
[Black "TZ700A"]
[Result "1-0"]
[ICCResult "Black checkmated"]
[WhiteElo "1860"]
[BlackElo "1351"]
[Opening "Ruy Lopez: old Steinitz defense"]
[ECO "C62"]
[NIC "RL.02"]
[Time "15:08:59"]
[TimeControl "180+0"]

1. e4 e5 2. Nf3 Nc6 3. Bb5 d6 4. d4 exd4 5. Nxd4 Bd7 6. Nxc6 bxc6 7. Bc4 Nf6
8. f3 Be7 9. O-O O-O 10. c3 Rb8 11. Be3 a6 12. Bxa6 Rxb2 13. Bc4 Be6 14.
Bxe6 fxe6 15. Nd2 Nd7 16. Nb3 Bf6 17. Qc1 Rxb3 18. axb3 Ne5 19. Ra7 Ng6 20.
Qa1 Ne5 21. Qa5 Ng6 22. Qxc7 Qe8 23. Qxd6 Bxc3 24. Rc1 Be5 25. Qxc6 Nh4 26.
Qxe8 Rxe8 27. f4 Bb8 28. Ra8 Ng6 29. g3 Ne7 30. Ba7 Bxa7+ 31. Rxa7 h6 32.
Rcc7 Kf7 33. Kf2 Kf6 34. Rxe7 Rxe7 35. Rxe7 Kxe7 36. Ke3 Kd6 37. Kd4 Kc6 38.
Ke5 Kb5 39. Kxe6 Kb4 40. Kf7 Kxb3 41. e5 Kc4 42. e6 Kd4 43. e7 Ke3 44. e8=Q+
Kf3 45. Qe1 Kg4 46. Kxg7 Kh3 47. Kxh6 Kxh2 48. Qf2+ Kh3 49. Qf1+ Kxg3 50. f5
Kg4 51. f6 Kg3 52. f7 Kh2 53. f8=Q Kg3 54. Q8f4# {Black checkmated} 1-0

[Event "ICCopen2016"]
[Site "Internet Chess Club"]
[Date "2016.06.04"]
[Round "7"]
[White "PITCHUS"]
[Black "ramezsamir"]
[Result "0-1"]
[ICCResult "White forfeits on time"]
[WhiteElo "1879"]
[BlackElo "2131"]
[Opening "Réti: King's Indian attack (Barcza system)"]
[ECO "A07"]
[NIC "RE.06"]
[Time "15:08:58"]
[TimeControl "180+0"]

1. Nf3 d5 2. g3 c6 3. Bg2 Nf6 4. c4 Bf5 5. cxd5 cxd5 6. O-O Nc6 7. d4 h6 8.
Nc3 e6 9. a4 Bb4 10. Qb3 Qa5 11. e3 O-O 12. Bd2 Bd3 13. Rfd1 Bc4 14. Qc2
Rac8 15. Nb5 Bxd2 16. Qxd2 Qxd2 17. Rxd2 Ne4 18. Rc2 Nb4 19. Rcc1 Nd3 20.
Rcb1 a6 21. Nc3 f5 22. Nxe4 fxe4 23. Nd2 Rxf2 24. Nxc4 Rxc4 25. Rf1 Rxb2 26.
Bh3 Rc6 27. Rab1 Rxb1 28. Rxb1 b6 29. Bf1 Kf7 30. Rb3 Ne1 31. Be2 Rc2 32.
Kf2 Nd3+ 33. Kf1 Rxe2 34. Rxb6 Rxe3 35. Rxa6 Re1+ 36. Kg2 Ra1 37. Ra7+ Kf6
38. Ra8 g5 39. Rh8 Kg7 40. Re8 Kf7 41. Rh8 Kg6 42. Re8 Kf5 43. Rh8 Rxa4 44.
Rxh6 g4 45. Rh5+ Kg6 46. Rh8 Ra2+ 47. Kg1 e3 {White forfeits on time} 0-1

[Event "ICCopen2016"]
[Site "Internet Chess Club"]
[Date "2016.06.04"]
[Round "7"]
[White "Colombiano07"]
[Black "klodshans"]
[Result "0-1"]
[ICCResult "White checkmated"]
[WhiteElo "1909"]
[BlackElo "1637"]
[Opening "Queen's Pawn"]
[ECO "A41"]
[NIC "QO.17"]
[Time "15:09:26"]
[TimeControl "180+0"]

1. d4 d6 2. Bf4 g6 3. e3 Bg7 4. Nf3 Nc6 5. Be2 e5 6. Bg3 Nh6 7. h3 f5 8. c3
O-O 9. O-O f4 10. Bh2 e4 11. Nfd2 fxe3 12. fxe3 Rxf1+ 13. Qxf1 Qe7 14. Na3
a6 15. Nac4 Bd7 16. a4 Rf8 17. Qe1 Nf5 18. Nf1 Qh4 19. Qxh4 Nxh4 20. b4 Bh6
21. b5 axb5 22. axb5 Ne7 23. Ra7 Bc8 24. b6 Nef5 25. bxc7 d5 26. Nb6 Nxe3
27. Nxc8 Nxf1 28. Ne7+ Kh8 29. Bxf1 Be3+ 30. Kh1 Rxf1+ 31. Bg1 Bxg1 32.
c8=Q+ Kg7 33. Qg8+ Kh6 34. Nf5+ Nxf5 35. g4 Bxd4+ 36. Kg2 Rf2+ 37. Kg1 Bxa7
38. gxf5 Rxf5+ 39. Kg2 Rg5+ 40. Kf1 e3 41. Ke2 Rg2+ 42. Kd3 e2 43. Qf8+ Kh5
44. Qf3+ Kh6 45. Kd2 Rf2 46. Qxd5 Rf5 47. Qxf5 gxf5 48. Kxe2 Kh5 49. Kf3 Kh4
50. Kf4 Kxh3 51. Kxf5 h5 52. Kg5 h4 53. Kh5 Kg3 54. Kg5 h3 55. Kf5 h2 56.
Ke5 h1=Q 57. Kd6 Qc6+ 58. Ke5 Qxc3+ 59. Ke6 b5 60. Kd6 b4 61. Kd5 b3 62. Kd6
b2 63. Kd5 b1=Q 64. Kd6 Qg6+ 65. Kd5 Qc5# {White checkmated} 0-1

[Event "ICCopen2016"]
[Site "Internet Chess Club"]
[Date "2016.06.04"]
[Round "7"]
[White "modeusto"]
[Black "airantrobo"]
[Result "0-1"]
[ICCResult "White resigns"]
[WhiteElo "1883"]
[BlackElo "1576"]
[Opening "Sicilian: Labourdonnais-Löwenthal (Kalashnikov) variation"]
[ECO "B32"]
[NIC "SI.32"]
[Time "15:08:46"]
[TimeControl "180+0"]

1. e4 c5 2. Nf3 Nc6 3. d4 cxd4 4. Nxd4 e5 5. Nb5 d6 6. N1c3 a6 7. Na3 Be7 8.
Nd5 Nf6 9. Be3 Nxd5 10. exd5 Nd4 11. Bxd4 exd4 12. Qxd4 O-O 13. O-O-O Bf6
14. Qb4 b5 15. Kb1 Bb7 16. c4 Qe7 17. cxb5 axb5 18. Nxb5 Rfb8 19. Re1 Qd7
20. Bc4 Bxd5 21. Qxd6 Qxd6 22. Nxd6 Rxb2+ 23. Kc1 Bxc4 24. Nxc4 Rbxa2 25.
Nd2 Rc8+ 26. Kd1 h6 27. Ke2 Rcc2 28. Rd1 Bg5 29. f4 Bxf4 30. Rhf1 Bxd2 31.
Kd3 Bg5 32. Rb1 Rcb2 33. Rbe1 Ra3+ 34. Kc4 Rxg2 35. Re8+ Kh7 36. Rxf7 Rg4+
37. Kb5 Rb3+ 38. Kc5 Rc3+ 39. Kb5 Rcc4 40. Rff8 Rb4+ 41. Kc5 Rgc4+ 42. Kd5
Rd4+ 43. Kc5 Kg6 44. Re6+ Bf6 45. Rfe8 Rh4 46. Re1 Rbf4 47. Rg1+ Kh7 48. Re6
Bd4+ 49. Kd5 Bxg1 50. Re7 Rf5+ 51. Kd6 Bxh2+ 52. Ke6 Rg5 53. Kf7 Rf4+ 54.
Ke8 Rff5 55. Kd7 Rd5+ 56. Kc6 Rc5+ 57. Kb6 Rb5+ 58. Kc6 Kg6 59. Re6+ Kf7 60.
Re1 Bb8 61. Rf1+ Kg6 62. Re1 Ra5 63. Kb6 Ba7+ 64. Kc6 Ra6+ 65. Kb7 Bf2 66.
Kxa6 Bxe1 67. Kb7 Rf5 68. Kc6 h5 69. Kd6 h4 70. Ke6 h3 71. Ke7 h2 72. Kd6
h1=Q 73. Kc7 Qf1 74. Kb6 Qe2 75. Kc7 Rf3 76. Kb6 Rd3 77. Kc5 Qc2+
{White resigns}
0-1

[Event "ICCopen2016"]
[Site "Internet Chess Club"]
[Date "2016.06.04"]
[Round "7"]
[White "chigamaster"]
[Black "Kalmyk"]
[Result "1/2-1/2"]
[ICCResult "Game drawn by mutual agreement"]
[WhiteElo "3010"]
[BlackElo "3010"]
[Opening "Sicilian, Chekhover variation"]
[ECO "B53"]
[NIC "SI.02"]
[Time "15:09:38"]
[TimeControl "180+0"]

1. e4 c5 2. Nf3 d6 3. d4 cxd4 4. Qxd4 Nf6 5. h3 Nc6 6. Bb5 Bd7 7. Qd3 g6 8.
O-O Bg7 9. c4 O-O 10. Nc3 a6 11. Bxc6 Bxc6 12. Nd4 Rc8 13. Be3 Nd7 14. Rac1
Nc5 15. Qc2 Ne6 16. Qd2 Nxd4 17. Bxd4 Bxd4 18. Qxd4 Qa5 19. Rfe1 Qc5 20. Qd2
Qe5 21. Nd5 Bxd5 22. exd5 Qf6 23. Qb4 Rc7 24. Qb6 Rfc8 25. b3 Qb2 26. Ra1 h5
27. a4 h4 28. a5 Kg7 29. Rab1 Qf6 30. Re3 Rd7 31. Rbe1 Rh8 32. Rf3 Qb2 33.
Qe3 Rh5 34. Rxf7+ Kxf7 35. Qe6+ Kg7 36. Qxd7 Re5 37. Rxe5 Qa1+ 38. Kh2 Qxe5+
39. Kg1 {Game drawn by mutual agreement} 1/2-1/2